 Dungeon Crawl Stone Soup version 0.20.1-1-g8b1a95d (webtiles) character file.

4759 Rankstrail the Fiendish (level 10, -1/74 HPs)
             Began as a Demonspawn Monk on Oct 22, 2017.
             Was a Priest of Makhleb.
             Succumbed to a killer bee's poison
             ... on level 7 of the Dungeon.
             The game lasted 00:49:51 (6833 turns).

Rankstrail the Fiendish (Demonspawn Monk)           Turns: 6833, Time: 00:49:51

Health: -1/74      AC:  7    Str: 18    XL:     10   Next: 23%
Magic:  19/19      EV: 14    Int: 13    God:    Makhleb [***...]
Gold:   438        SH:  5    Dex: 18    Spells: 9/9 levels left

rFire    + . .     SeeInvis .   a - +1 spear
rCold    + . .     Gourm    .   D - +0 buckler
rNeg     . . .     Faith    .   o - +1 leather armour {rC+}
rPois    .         Spirit   .   (helmet unavailable)
rElec    .         Reflect  .   q - +0 cloak
rCorr    .         Harm     .   (no gloves)
MR       .....     Clarity  +   (no boots)
Stlth    +++.......             (no amulet)
Regen    0.3/turn               (no ring)
MPRegen  0.2/turn               (no ring)

@: mighty, lethally poisoned (-1 -> -19), about to teleport
A: horns 3, icy blue scales 1, clarity, clever 1, fire resistance 1, powered by
pain 1, flame cloud immunity
a: Minor Destruction, Lesser Servant of Makhleb, Renounce Religion


You were on level 7 of the Dungeon.
You worshipped Makhleb.
Makhleb was most pleased with you.
You were not hungry.

You visited 1 branch of the dungeon, and saw 7 of its levels.
You also visited: Bailey.

You collected 438 gold pieces.

Inventory:

Hand Weapons
 a - a +1 spear (weapon)
 y - a cursed -2 dagger
 A - a +0 spear
 L - a cursed -3 hand axe
 M - a +3 war axe
 Q - a +2 hand axe of chopping
Missiles
 t - 2 throwing nets (quivered)
 w - 9 poisoned needles
 J - 4 needles of confusion
Armour
 b - a +1 robe
 g - a cursed +0 centaur barding
 o - a +1 leather armour of cold resistance (worn)
 q - a +0 cloak (worn)
 r - a cursed +0 chain mail
 D - a +0 buckler (worn)
Magical Staves
 j - an uncursed staff of air
 P - an uncursed staff of earth {unknown}
Jewellery
 z - an uncursed ring of resist corrosion
Wands
 f - a wand of lightning (5/15)
 s - a wand of acid (0/15)
 E - a wand of enslavement (12/24)
Scrolls
 h - 2 scrolls of remove curse {unknown}
 i - a scroll of random uselessness
 k - a scroll of recharging {unknown}
 m - 3 scrolls of identify
 u - 2 scrolls of magic mapping {unknown}
 v - 2 scrolls of acquirement {unknown}
 x - 2 scrolls of teleportation
 H - a scroll of fear {unknown}
 I - a scroll of enchant armour
 K - a scroll of amnesia
Potions
 e - a potion of invisibility
 l - a potion of resistance
 B - 3 potions of agility
 C - a potion of ambrosia {unknown}
 F - a potion of lignification {unknown}
 N - 2 potions of magic {unknown}
 O - 5 potions of heal wounds
Books
 G - a book of Power

   Spells                             Type                      Level
   a - Iskenderun's Battlesphere      Conjuration/Charms           5
   b - Venom Bolt                     Conjuration/Poison           5
   c - Bolt of Magma                  Conjuration/Fire/Earth       5
   d - Iron Shot                      Conjuration/Earth            6
   e - Orb of Destruction             Conjuration                  7
   f - Spellforged Servitor           Conjuration/Summoning        7
Comestibles
 c - 3 bread rations
 d - 4 fruits
 n - 3 royal jellies
 p - 2 meat rations


   Skills:
 + Level 5.0 Fighting
 + Level 6.2 Polearms
 + Level 3.5 Armour
 + Level 4.9 Dodging
 + Level 4.4 Stealth
 + Level 2.0 Shields
 + Level 13.1 Invocations


You had 9 spell levels left.
You didn't know any spells.

Dungeon Overview and Level Annotations

Branches:
Dungeon (7/15)             Temple (0/1) D:6

Altars:
Fedhas
Hepliaklqana
Kikubaaqudgha
Makhleb
Nemelex Xobeh
Okawaru
Qazlal
Sif Muna
Vehumet


Innate Abilities, Weirdness & Mutations

You have a pair of large horns on your head.
You are partially covered in icy blue scales. (AC +2)
Your flesh is heat resistant. (rF+)
You sometimes gain a little power by taking damage.
You are immune to clouds of flame.
You possess an exceptional clarity of mind.
Your mind is acute. (Int +2)


Message History

The killer bee stings you.
* * * LOW HITPOINT WARNING * * *
You are more poisoned.
The killer bee poisons you!
You feel sick. The killer bee barely misses you. The killer bee stings you!
* * * LOW HITPOINT WARNING * * *
You are more poisoned.
The killer bee poisons you!
The killer bee stings you but does no damage.
The killer bee stings you.
* * * LOW HITPOINT WARNING * * *
As you read the scroll of teleportation, it crumbles to dust.
You feel strangely unstable.
* * * LOW HITPOINT WARNING * * *
You feel sick. The killer bee closely misses you. The killer bee stings you.
* * * LOW HITPOINT WARNING * * *
The killer bee barely misses you.
The killer bee stings you but does no damage. x2
The killer bee misses you.
You die...

####### #.# ##..#
#######.## #.... #........#
#..). #..... #......#.##
##..∩) #..... #......#..#
#...). #....
#......##.###..... #....#
#......##..##.#..#
##.....###......###.##....#
.......#..@.....# #..###..#
#.##...#y....#######.###..#
.......'yy.....>...........
#.#.####)....#######.###...
#.....# #.# #.## #.....#
#.###'## ####### #.......
#....... #.......


You could see 3 killer bees.

Vanquished Creatures
  The ghost of appiemonkey the Slasher, a novice DrBe of Trog (Bailey)
  The ghost of Frank the Slasher, a novice OpFi (D:5)
  A steam dragon (D:7)
  Duvessa (D:4)
  An orc warrior (Bailey)
  A sky beast (D:6)
  2 ogres
  A bullfrog (D:6)
  A gnoll sergeant (D:5)
  A wyvern skeleton (D:6)
  2 scorpions
  3 killer bees (D:7)
  2 howler monkeys
  A crimson imp (D:6)
  A hound (D:6)
  A quasit (D:6)
  A bullfrog zombie (D:5)
  2 centaur skeletons
  A jelly (D:7)
  5 orc wizards
  Jessica (D:2)
  Ijyb (D:3)
  3 worker ants
  A hound zombie (D:6)
  A hound skeleton (D:7)
  Robin (D:4)
  A howler monkey zombie (D:7)
  11 gnolls
  9 adders
  A shadow imp (D:7)
  4 worms
  2 dart slugs (D:2)
  4 leopard geckos
  29 orcs
  11 giant cockroaches
  8 goblins
  11 hobgoblins
  16 kobolds
  5 quokkas
  2 ball pythons
  9 bats
  6 frilled lizards
  7 rats
174 creatures vanquished.

Vanquished Creatures (collateral kills)
  An orc warlord (Bailey)
  The ghost of dstrtn the Carver, a novice DDWn of Makhleb (Bailey)
  The ghost of markt42 the Basher, a novice GrFi of Okawaru (D:7)
  A troll (D:7)
  Prince Ribbit (D:7)
  2 orc warriors (Bailey)
  2 necrophages (D:6)
  A centaur (D:6)
  2 ogres (D:7)
  Dowan (D:4)
  A howler monkey (D:7)
  A crimson imp (D:6)
  A bullfrog zombie (D:7)
  An orc priest (D:6)
  A worker ant (D:7)
  A hound zombie (D:5)
  A hound skeleton (D:6)
  A worker ant zombie (D:7)
  4 gnolls (D:5)
  An orc (D:6)
  4 goblins (D:4)
  2 hobgoblins (Bailey)
32 creatures vanquished.

Vanquished Creatures (others)
  A human (D:3)
1 creature vanquished.

Grand Total: 207 creatures vanquished

Notes
Turn   | Place    | Note
-------+----------+-------------------------------------------
     0 | D:1      | Rankstrail the Demonspawn Monk began the quest for the Orb.
     0 | D:1      | Reached XP level 1. HP: 18/18 MP: 1/1
   235 | D:1      | Gained mutation: Your flesh is heat resistant. (rF+) [demonic ancestry]
   235 | D:1      | Reached XP level 2. HP: 14/24 MP: 2/2
   616 | D:2      | Gained mutation: You have a pair of small horns on your head. [demonic ancestry]
   616 | D:2      | Reached XP level 3. HP: 26/29 MP: 3/3
  1086 | D:2      | Noticed Jessica
  1175 | D:2      | Killed Jessica
  1175 | D:2      | Gained mutation: You are immune to clouds of flame. [demonic ancestry]
  1175 | D:2      | Reached XP level 4. HP: 30/35 MP: 4/4
  1403 | D:3      | Found a burning altar of Makhleb.
  1405 | D:3      | Noticed Ijyb
  1466 | D:3      | Killed Ijyb
  1511 | D:3      | Became a worshipper of Makhleb the Destroyer
  1511 | D:3      | Reached * piety under Makhleb
  1511 | D:3      | Reached ** piety under Makhleb
  1748 | D:3      | Gained mutation: You are partially covered in icy blue scales. (AC +2) [demonic ancestry]
  1748 | D:3      | Reached XP level 5. HP: 30/41 MP: 5/5
  1830 | D:3      | Reached skill level 1 in Invocations
  2236 | D:3      | Found a radiant altar of Vehumet.
  2271 | D:3      | Reached skill level 2 in Invocations
  2396 | D:3      | Found an ancient bone altar of Kikubaaqudgha.
  2396 | D:3      | Noticed a human
  2399 | D:3      | Killed a human
  2402 | D:3      | Gained mutation: You have a pair of horns on your head. [potion of mutation]
  2402 | D:3      | Gained mutation: Your mind is acute. (Int +2) [potion of mutation]
  2407 | D:3      | Lost mutation: You have a pair of horns on your head. [potion of mutation]
  2407 | D:3      | Lost mutation: Your mind is acute. (Int +2) [potion of mutation]
  2407 | D:3      | Gained mutation: You possess an exceptional clarity of mind. [potion of mutation]
  2407 | D:3      | Gained mutation: Your muscles are strong. (Str +2) [potion of mutation]
  2408 | D:3      | Lost mutation: You possess an exceptional clarity of mind. [potion of mutation]
  2408 | D:3      | Lost mutation: Your muscles are strong. (Str +2) [potion of mutation]
  2408 | D:3      | Gained mutation: Your mind is acute. (Int +2) [potion of mutation]
  2408 | D:3      | Gained mutation: You possess an exceptional clarity of mind. [potion of mutation]
  2488 | D:3      | Gained mutation: You have a pair of horns on your head. [demonic ancestry]
  2488 | D:3      | Reached XP level 6. HP: 29/48 MP: 7/7
  2549 | D:3      | Found a blossoming altar of Fedhas.
  2939 | D:4      | Reached skill level 3 in Invocations
  3028 | D:4      | Noticed Robin
  3037 | D:4      | Killed Robin
  3037 | D:4      | Reached skill level 4 in Invocations
  3039 | D:4      | Reached *** piety under Makhleb
  3052 | D:4      | Noticed Duvessa
  3052 | D:4      | Noticed Dowan
  3068 | D:4      | Killed Duvessa
  3079 | D:4      | Killed Dowan
  3079 | D:4      | Reached skill level 5 in Invocations
  3197 | D:4      | Reached XP level 7. HP: 44/53 MP: 9/11
  3369 | D:4      | Found a deep blue altar of Sif Muna.
  3560 | D:4      | Found an iron altar of Okawaru.
  3648 | D:5      | Entered Level 5 of the Dungeon
  3672 | D:5      | Noticed Frank's ghost (novice OpFi)
  3687 | D:5      | Killed Frank's ghost
  3687 | D:5      | Reached skill level 5 in Polearms
  3687 | D:5      | Reached skill level 1 in Armour
  3687 | D:5      | Reached skill level 6 in Invocations
  3860 | D:5      | Reached skill level 7 in Invocations
  3899 | D:5      | Gained mutation: You have a pair of large horns on your head. [demonic ancestry]
  3899 | D:5      | Reached XP level 8. HP: 48/60 MP: 13/13
  4164 | D:6      | Found a staircase to the Ecumenical Temple.
  4219 | D:6      | Reached **** piety under Makhleb
  4225 | D:6      | Reached skill level 8 in Invocations
  4411 | D:6      | Reached skill level 9 in Invocations
  4634 | D:6      | Found a sparkling altar of Nemelex Xobeh.
  4850 | D:6      | HP: 1/61 [centaur/arrow (13)]
  5397 | D:7      | Found a stormy altar of Qazlal.
  5459 | D:7      | Noticed markt42's ghost (novice GrFi)
  5490 | D:7      | Killed markt42's ghost
  5490 | D:7      | Reached skill level 10 in Invocations
  5490 | D:7      | Gained mutation: You sometimes gain a little power by taking damage. [demonic ancestry]
  5490 | D:7      | Reached XP level 9. HP: 54/66 MP: 16/16
  5517 | D:7      | Found a hazy altar of Hepliaklqana.
  5527 | D:7      | Reached skill level 1 in Shields
  5546 | D:7      | Noticed Prince Ribbit
  5553 | D:7      | Killed Prince Ribbit
  5565 | D:7      | Noticed a troll
  5571 | D:7      | Killed a troll
  5668 | D:7      | Found a hazy altar of Hepliaklqana.
  5746 | D:7      | Found a flagged portal.
  5763 | Bailey   | Entered a bailey
  5772 | Bailey   | Noticed an orc warlord
  5830 | Bailey   | Noticed dstrtn's ghost (novice DDWn)
  5837 | Bailey   | Noticed appiemonkey's ghost (novice DrBe)
  5839 | Bailey   | Killed dstrtn's ghost
  5839 | Bailey   | Reached skill level 11 in Invocations
  5862 | Bailey   | Killed appiemonkey's ghost
  6005 | Bailey   | Found a runed gate.
  6007 | Bailey   | Found a runed gate.
  6009 | Bailey   | Found a runed gate.
  6021 | Bailey   | Reached skill level 12 in Invocations
  6321 | Bailey   | Killed an orc warlord
  6321 | Bailey   | Reached skill level 5 in Fighting
  6321 | Bailey   | Reached skill level 13 in Invocations
  6321 | Bailey   | Reached XP level 10. HP: 29/74 MP: 19/19
  6832 | D:7      | HP: 1/74 [killer bee (3)]
  6833 | D:7      | Succumbed to a killer bee's poison

Skill      XL: |  1  2  3  4  5  6  7  8  9 |
---------------+----------------------------+-----
Dodging        | 3 4 |  4.9
Polearms       | 3 4 5 6 |  6.2
Stealth        | 2 3 4 |  4.4
Invocations    | 2 5 7 10 13 | 13.1
Fighting       | 4 5 |  5.0
Armour         | 1 3 |  3.5
Shields        | 2 |  2.0

Action                   |  1- 3 |  4- 6 |  7- 9 | 10-12 || total
-------------------------+-------+-------+-------+-------++-------
Melee: Spear             |    97 |   167 |   206 |    22 ||   492
       Headbutt          |     5 |    36 |    51 |     3 ||    95
Invok: Minor Destruction |       |    67 |   103 |     2 ||   172
       Lesser Servant of |       |     2 |    14 |       ||    16
       Major Destruction |       |       |    10 |       ||    10
  Use: Scroll            |     4 |     6 |     3 |     5 ||    18
       Potion            |       |     6 |     4 |     1 ||    11
 Stab: Sleeping          |     3 |     5 |     2 |       ||    10
       Distracted        |       |     1 |     3 |       ||     4
  Eat: Bread ration      |       |     1 |     1 |       ||     2
       Chunk             |       |     3 |     2 |       ||     5
       Meat ration       |       |       |     1 |       ||     1
Armor: Robe              |    23 |    23 |       |       ||    46
       Leather armour    |       |     6 |    57 |    11 ||    74
Dodge: Dodged            |    73 |    80 |   129 |    33 ||   315
Block: Buckler           |       |       |    30 |    12 ||    42
